 Dungeon Crawl Stone Soup version 0.31-a0-204-g7da18cac08 (webtiles) character file.

Game seed: 7780403674774019050

1602796 PaperRat the Djinni Barricade (level 27, 205/205 HPs)
             Began as a Djinni Enchanter on June 27, 2023.
             Was an Initiate of Gozag.
             Escaped with the Orb
             ... and 3 runes on June 29, 2023!
             The game lasted 07:06:42 (76042 turns).

PaperRat the Djinni Barricade (Djinni Enchanter)   Turns: 76042, Time: 07:06:42

Health: 205/205    AC: 22    Str: 12    XL:     27
Gold:   4471       EV: 29    Int: 31    God:    Gozag SH: 24 Dex: 31

rFire   + + +        a - +3 Elemental Staff {rElec rF+ rC+ AC+3}
rCold   + . .        O - +3 kite shield {rC+}
rNeg    + . .        l - +0 faerie dragon scales {Will+ rCorr}
rPois   ∞            q - +2 helmet {SInv}
rElec   +            G - scarf {repulsion}
rCorr   +            P - +2 pair of gloves {Dex+3}
SInv    +            (boots unavailable)
Will    +++..        u - amulet of regeneration
Stlth   ++           f - ring of Dawn {Drain rPois rN+ Dex+5}
HPRegen 1.34/turn    j - ring "Okheas" {Str+5 Int+3 Dex+6}
MPRegen 0.00/turn

%: repel missiles
@: gold aura, flying, studying 4 skills, bribing [the Dungeon, the Realm of Zot,
the Depths]
A: sickness immunity, fire resistance 2, cold vulnerability 1, float, innate
caster, HP casting, extra vitality 1, iridescent scales 2, no potion heal 1,
MP-powered wands
0: Orb of Zot
}: 3/15 runes: decaying, serpentine, silver
a: Renounce Religion, Potion Petition, Call Merchant, Bribe Branch


You escaped.
You worshipped Gozag.
Gozag was most pleased with you.
You visited 11 branches of the dungeon, and saw 50 of its levels.
You also visited: Ossuary, Ice Cave and Volcano.

You collected 32871 gold pieces.
You spent 6984 gold pieces at shops.
You paid 21416 gold pieces to Gozag.

Inventory:

Hand Weapons
 a - the +3 Elemental Staff (weapon) {rElec rF+ rC+ AC+3}
   (You acquired it on level 2 of the Vaults)

   It enhances your fire, ice, earth and air magic.
   AC:        It affects your AC (+3).
   rF:        It protects you from fire.
   rC:        It protects you from cold.
   rElec:     It insulates you from electricity.
 e - a +8 double sword of holy wrath
 w - a +9 double sword of draining
Missiles
 F - 6 curare-tipped darts (quivered)
 S - 5 throwing nets {!f}
Armour
 l - the +0 faerie dragon scales (worn) {Will+ rCorr}
   (You took it off the Enchantress on level 2 of the Depths)

   rCorr:     It protects you from acid and corrosion.
   Will:      It increases your willpower.
 q - a +2 helmet of see invisible (worn)
 D - a +1 buckler of protection
 G - a scarf of repulsion (worn)
 O - a +3 kite shield of cold resistance (worn)
 P - a +2 pair of gloves of dexterity (worn)
Jewellery
 f - the ring of Dawn (left hand) {Drain rPois rN+ Dex+5}
   (You took it off a spriggan air mage on level 2 of the Depths)

   [ring of positive energy]

   Dex:       It affects your dexterity (+5).
   rPois:     It protects you from poison.
   rN:        It protects you from negative energy.
   Drain:     It drains your maximum health when unequipped.
 j - the ring "Okheas" (right hand) {Str+5 Int+3 Dex+6}
   (You found it on level 10 of the Dungeon)

   [ring of dexterity]

   Str:       It affects your strength (+5).
   Int:       It affects your intelligence (+3).
   Dex:       It affects your dexterity (+6).
 r - a ring of wizardry
 s - a ring of positive energy
 u - an amulet of regeneration (around neck)
 v - the ring "Vonuc" {*Slow rElec rPois rF+ rC++, =R}
   (You bought it in a shop on level 1 of the Snake Pit)

   [ring of poison resistance]

   rF:        It protects you from fire.
   rC:        It greatly protects you from cold.
   rElec:     It insulates you from electricity.
   rPois:     It protects you from poison.
   *Slow:     It may slow you when you take damage.
 Q - a ring of protection from cold
Wands
 b - a wand of roots (34)
 c - a wand of acid (31)
 d - a wand of digging (20)
 n - a wand of charming (25)
 z - a wand of mindburst (56)
Scrolls
 g - 21 scrolls of teleportation {@r3}
 h - 10 scrolls of fog {@r2}
 i - 15 scrolls of blinking {@r5}
 p - 8 scrolls of poison
 y - 5 scrolls of butterflies {@r6}
 E - 16 scrolls of fear {@r4}
 M - 12 scrolls of vulnerability
 R - 9 scrolls of immolation
Potions
 k - 28 potions of curing {@q1}
 o - 14 potions of enlightenment {@q6}
 t - 6 potions of cancellation
 x - 10 potions of mutation {@q7}
 A - 13 potions of lignification
 H - 7 potions of might {@q3}
 J - 6 potions of haste {@q4}
 K - 3 potions of ambrosia
 L - 4 potions of brilliance {@q5}
 N - 10 potions of invisibility
 T - 12 potions of heal wounds {@q2}
 U - 6 potions of resistance
Miscellaneous
 B - a phantom mirror
 C - a tin of tremorstones (2/2)
 V - a lightning rod (4/4)
 X - a sack of spiders
 Z - a phial of floods


   Skills:
 + Level 20.0 Fighting
 - Level 7.6(10.4) Short Blades
 - Level 11.0(12.0) Long Blades
 - Level 4.0 Staves
 - Level 8.5 Armour
 - Level 16.0 Dodging
 + Level 10.0 Stealth
 O Level 27 Shields
 - Level 19.2 Spellcasting
 - Level 24.0 Conjurations
 - Level 19.2 Hexes
 - Level 19.2 Summonings
 - Level 22.5 Necromancy
 - Level 19.2 Translocations
 - Level 19.2 Transmutations
 - Level 19.2 Fire Magic
 - Level 19.2 Ice Magic
 - Level 19.2 Air Magic
 - Level 19.2 Earth Magic
 - Level 19.2 Poison Magic
 - Level 13.1 Evocations


You knew the following spells:

 Your Spells              Type           Power      Damage    Failure   Level
a - Lehudib's Crystal Sp  Conj/Erth      64%        10d15     1%          8
b - Confusing Touch       Hex            99%        N/A       0%          3
c - Tukima's Dance        Hex            99%        N/A       0%          3
d - Haunt                 Necr/Summ      51%        N/A       1%          7
e - Dispersal             Tloc           49%        N/A       1%          6
f - Dazzling Flash        Conj/Hex       100%       N/A       0%          3
g - Teleport Other        Tloc           99%        N/A       0%          3
h - Alistair's Intoxicat  Tmut/Pois      66%        N/A       1%          5
i - Searing Ray           Conj           100%       2d8       0%          2
j - Summon Small Mammal   Summ           100%       N/A       0%          1
k - Lesser Beckoning      Tloc           100%       N/A       0%          2
l - Borgnjor's Revivific  Necr           53%        N/A       1%          8
m - Fire Storm            Conj/Fire      64%        8d16      26%         9
q - Ensorcelled Hibernat  Hex/Ice        100%       N/A       0%          2
s - Ignition              Fire           61%        3d16      4%          8
v - Conjure Ball Lightni  Conj/Air       64%        3x3d23    1%          6
x - Summon Forest         Summ/Tloc      49%        N/A       1%          5
Your spell library was empty.

Dungeon Overview and Level Annotations

Branches:
Dungeon (15/15)            Temple (1/1) D:4            Lair (5/5) D:10
  Swamp (4/4) Lair:3        Snake (4/4) Lair:3        Slime (2/5) Lair:5
    Orc (2/2) D:9             Elf (3/3) Orc:2        Vaults (5/5) D:13
  Crypt (0/3) Vaults:2     Depths (4/4) D:15            Zot (5/5) Depths:4
Ossuary (visited)           IceCv (visited)         Volcano (visited)

Altars:
Ashenzari
Cheibriados
Dithmenos
Elyvilon
Fedhas
Gozag
Hepliaklqana
Makhleb
Nemelex Xobeh
Okawaru
Qazlal
Ru
Trog
Uskayaw
Wu Jian
Xom
Yredelemnul
Zin
The Shining One
Jiyva
Lugonu

Shops:
D:8 :   D:10 [?[!=*   D:14 [   Orc:2 !?(:!   Snake:1 =**?   Snake:2 *
Snake:3 (

Portals:
Hell: Depths:1 Depths:2 Depths:3 Depths:4
Abyss: D:7 Lair:5 Depths:2 Depths:3 Depths:4
Pandemonium: Orc:2 Depths:2 Depths:3
Ziggurat: Depths:1

Annotations:
Depths:3 2 runed translucent doors


Innate Abilities, Weirdness & Mutations

You are immune to sickness and miasma.
You are immune to poison.
Your flesh is very heat resistant. (rF++)
You are vulnerable to cold. (rC-)
You float through the air rather than walking.
You learn spells naturally, not from books.
Your magical power is your life essence.
You have superior vitality. (+4 MHP)
You are mostly covered in iridescent scales. (AC +4)
Potions are less effective at restoring your health.
You expend health (3 HP) to strengthen your wands.


Message History

(D) Dungeon (T) Temple (L) Lair (S) Swamp (P) Snake Pit (M) Slime Pits (O) Orcish Mines (E) Elven Halls (V) Vaults (C) Crypt (U) Depths (H) Hell (Z) Zot
Where to? (Enter - D:1 @ (x,y), ? - help)
You swap places.
You see here a +0 war axe.
There is a stone staircase leading up here.
You fly upwards.
There is a stone staircase leading down here.
Things that are here:
a +0 robe; a +0 dagger
There is an open door here.
Things that are here:
a +0 leather armour; a +0 club; a +0 dagger
There is a stone staircase leading up here.
You fly upwards.
There is a stone staircase leading down here.
There is a stone staircase leading up here.
You fly upwards.
There is a stone staircase leading down here.
A green death comes into view.
Casting: Ignition (dangerous; 4% risk of failure)
Confirm with . or Enter, or press ? or * to list all spells.
Aiming: Lehudib's Crystal Spear (dangerous; 1% risk of failure)
Press: ? - help, Shift-Dir - straight line, f - green death
Aim: a green death (90% to hit)
You feel a surge of power!
The crystal spear hits the green death!!!!
You kill the green death!
(D) Dungeon (T) Temple (L) Lair (S) Swamp (P) Snake Pit (M) Slime Pits (O) Orcish Mines (E) Elven Halls (V) Vaults (C) Crypt (U) Depths (H) Hell (Z) Zot
Where to? (Enter - D:1 @ (x,y), ? - help)
There is a fountain of clear blue water here.
HP restored.
There is an open door here.
There is a staircase leading out of the dungeon here.
You have escaped!

......................##
##.#
....####.###########...#
#.## ....# #.#
#########...##### #..#
....#
#.###.........⌠.##..# ##..
#####
#.).............##..# #..
#..###########..##..# #..
##.###########...'..####..
#...##.....##..##..##....
######..@..'...##..####..
#.....##..##..# #..
########..########..
#..######....
#.....†...#..
#############


There were no monsters in sight!

Vanquished Creatures
  4 dread liches
  An ancient lich (Zot:5)
  5 orbs of fire
  The ghost of Ahiuf the Minotaur Barricade, a veteran MiFi of Qazlal (Zot:3)
  4 Killer Klowns (Zot:5)
  8 caustic shrikes
  2 bone dragons (Depths:4)
  9 golden dragons
  the Enchantress (Depths:2)
  8 electric golems
  17 tentacled monstrosities
  A lich (Depths:3)
  Rupert (D:14)
  24 Orb Guardians
  The ghost of Anon1729 the Impregnable, an adept MiMo of Uskayaw (Swamp:4)
  A deep elf blademaster (Elf:3)
  A walking earthen tome (Depths:3)
  A walking divine tome (Depths:3)
  5 acid blobs
  A titan (Depths:1)
  4 death cobs
  Gastronok (Lair:2)
  6 quicksilver dragons
  3 sphinxes
  A shadow dragon (Vaults:5)
  14 storm dragons
  10 draconian monks
  The ghost of Matygoc the Slicer, an adept HaSk of Okawaru (Swamp:2)
  8 draconian knights
  2 azure jellies
  A fenstrider witch (Swamp:4)
  2 rockslimes (Zot:3)
  4 tengu reavers
  6 frost giants
  4 fire giants
  The ghost of initializr the Bludgeoner, a journeyman MeFi of Qazlal (Snake:1)
  6 vault wardens
  Aizul (Snake:1)
  An emperor scorpion (Depths:2)
  3 draconian annihilators
  A balrug (Depths:3)
  3 ghost moths
  3 draconian scorchers
  2 draconian shifters
  5 draconian stormcallers
  A deep elf elementalist (Elf:3)
  2 iron dragons (Depths:3)
  An orc warlord (Vaults:3)
  5 quicksilver oozes
  5 spriggan defenders
  8 stone giants
  3 caustic shrike skeletons (Depths:2)
  13 very ugly things
  10 ironbound preservers
  2 ironbound thunderhulks (Vaults:2)
  2 deep elf demonologists
  6 vampire knights
  6 eleionomae
  11 white draconians
  7 black draconians
  10 red draconians
  3 dire elephants (Depths:2)
  6 bunyips
  8 yellow draconians
  A minotaur (D:11)
  A spark wasp (Depths:1)
  8 green draconians
  A deep elf annihilator (Elf:3)
  9 purple draconians
  A green death (D:1)
  4 ettins
  The ghost of NigelTetley the Grappler, a journeyman TrFi of Zin (D:12)
  3 entropy weavers
  Josephine (D:15)
  A shambling mangrove (Swamp:2)
  16 fire dragons
  4 great orbs of eyes
  5 rakshasas
  A quicksilver dragon skeleton (Vaults:4)
  2 salamander tyrants
  9 yaktaur captains
  34 vault guards
  A peacekeeper (Vaults:3)
  7 hydras
  7 ice dragons
  3 demonspawn (Orc:2)
  7 spriggan air magi
  7 ironbound frosthearts
  An ogre mage (D:15)
  7 anacondas
  2 ghost crabs
  18 death yaks
  2 centaur warriors
  3 boulder beetles
  3 two-headed ogres
  9 alligators
  12 dancing weapons
  10 deep troll shamans
  11 naga warriors
  8 tengu warriors
  8 spriggan berserkers
  A vampire mage (Depths:3)
  A titan zombie (D:15)
  6 deep troll earth magi
  A sun demon (Depths:3)
  2 soul eaters
  7 deep elf knights
  7 naga sharpshooters
  A shock serpent (Snake:1)
  3 thrashing horrors (Lair:5)
  4 orc high priests (Orc:2)
  Amaemon (D:8)
  The ghost of Anon1729 the Trooper, a novice MiMo of Uskayaw (D:7)
  10 iron trolls
  The ghost of Tenar the Gouger, a journeyman FeIE of Hepliaklqana (D:9)
  4 salamander mystics
  A sixfirhy (Orc:2)
  2 goliath frogs
  15 skeletal warriors
  4 glowing orange brains
  A shadow demon (D:15)
  39 deep trolls
  8 spriggan druids
  2 flayed ghosts
  2 death drakes (Swamp:2)
  2 phantasmal warriors (Vaults:5)
  3 swamp dragons
  A bog body (Swamp:2)
  7 ironbound convokers
  Pikel (D:6)
  9 deep elf archers
  14 deep elf pyromancers
  A harpy (shapeshifter) (D:15)
  2 naga ritualists (Snake:4)
  10 deep elf zephyrmancers
  6 necromancers
  2 orc knights
  5 mana vipers
  10 wizards
  A tengu zombie (Vaults:4)
  13 lindwurms
  4 harpies (Vaults:2)
  A stone giant zombie (Vaults:4)
  4 shining eyes
  3 cyclopes
  5 orc sorcerers
  A fire giant zombie (D:15)
  38 ugly things
  A frost giant zombie (D:15)
  5 elephants
  3 will-o-the-wisps
  A guardian serpent (Snake:4)
  22 moths of wrath
  3 manticores
  2 molten gargoyles (Volcano)
  2 rust devils (Depths:3)
  8 salamanders
  5 vault sentinels
  5 eyes of devastation
  A black mamba (shapeshifter) (D:13)
  Joseph (D:7)
  2 torpor snails
  A smoke demon (Depths:3)
  2 nameless horrors
  28 black mambas
  3 orange demons
  11 naga magi
  Maggie (D:6)
  8 cane toads
  9 rime drakes
  3 unseen horrors
  4 komodo dragons
  A hellion (Depths:3)
  A kobold demonologist (D:12)
  Psyche (D:8)
  An ice devil (Depths:3)
  2 freezing wraiths (Swamp:4)
  13 yaktaurs
  An ancient zyme (Lair:5)
  A red devil (Orc:2)
  3 trolls
  4 tengu conjurers
  A bloated husk (Swamp:3)
  A meliai (shapeshifter) (Elf:1)
  9 polar bears
  13 tyrant leeches
  24 hornets
  6 blink frogs (Lair:5)
  A spriggan zombie (D:15)
  A jumping spider (Vaults:1)
  48 spriggans
  2 shadows
  A vampire (D:11)
  34 yaks
  2 air elementals
  A culicivora (Vaults:4)
  43 slime creatures
  2 culicivoras (shapeshifter)
  A centaur simulacrum (D:14)
  6 fire elementals
  7 wyverns
  Eustachio (D:6)
  21 humans (D:13)
  3 water elementals
  11 wraiths
  The ghost of morax the Chopper, an amateur MiFi (D:4)
  A human (shapeshifter) (Lair:5)
  2 neqoxecs
  3 hogs (Lair:4)
  3 redbacks
  9 large abominations
  5 basilisks
  2 golden eyes (Slime:1)
  A redback (shapeshifter) (Vaults:5)
  7 vampire mosquitoes
  A basilisk (shapeshifter) (D:14)
  A swamp worm simulacrum (Swamp:4)
  3 chaos spawn (Depths:4)
  Grum (Lair:1)
  Edmund (D:5)
  22 nagas
  11 swamp worms
  9 wargs
  4 hell hounds (Snake:2)
  Duvessa (D:4)
  14 hydra simulacra (Swamp:4)
  11 water moccasins
  15 orc warriors
  2 floating eyes
  A swamp drake (Swamp:3)
  A sky beast (D:7)
  An ice beast (D:8)
  2 black bears
  A black bear (shapeshifter) (D:14)
  5 ogres
  17 wolves
  6 centaurs
  15 small abominations
  3 kobold brigands
  2 phantoms
  2 elf zombies (Elf:1)
  2 gnoll sergeants
  7 bullfrogs
  2 scorpions (D:5)
  4 wights
  Dowan (D:4)
  A human simulacrum (Vaults:3)
  12 killer bees
  4 electric eels
  3 howler monkeys
  2 jellies
  9 orc priests
  4 hounds
  Terence (D:2)
  2 iguanas
  20 orc wizards
  2 sleepcaps (D:7)
  3 hell rats
  9 mummies
  10 gnolls
  10 adders
  3 river rats (Lair:5)
  4 white imps
  2 swamp drake simulacra (Swamp:4)
  A worm (D:4)
  4 dart slugs
  77 orcs
  7 bats
  An endoplasm (D:4)
  4 giant cockroaches
  A gnoll zombie (Ossuary)
  9 goblins
  5 hobgoblins
  6 quokkas
  4 ball pythons
  4 frilled lizards
  12 kobolds
  10 rats
1639 creatures vanquished.

Vanquished Creatures (collateral kills)
  2 ancient liches
  Sojobo (Vaults:3)
  3 caustic shrikes
  The ghost of Yfesuf the Markscentaur, an adept CeHu of Okawaru (Elf:3)
  2 tentacled monstrosities
  Mlioglotl (Snake:1)
  A walking crystal tome (Depths:1)
  A walking earthen tome (Depths:1)
  3 liches
  An Orb Guardian (Zot:5)
  2 deep elf blademasters
  An acid blob (Slime:2)
  2 deep elf master archers (Elf:3)
  A titan (Vaults:5)
  A quicksilver dragon (Vaults:5)
  The ghost of Cuwuxaq the Warrior, an adept MiFi of Okawaru (Snake:3)
  A death cob (Zot:4)
  A sphinx (Vaults:5)
  Agnes (Elf:2)
  Kirke (Lair:4)
  3 storm dragons
  2 shadow dragons
  Donald (Snake:1)
  4 tengu reavers
  2 nagarajas (Snake:4)
  A revenant (Vaults:2)
  Roxanne (Snake:3)
  2 draconian monks (Zot:3)
  2 fire giants
  3 draconian knights
  4 deep elf sorcerers
  8 vault wardens
  An orc warlord (Orc:1)
  5 ironbound preservers
  2 draconian scorchers
  3 deep elf elementalists (Elf:3)
  2 draconian shifters
  A draconian annihilator (Zot:2)
  2 spriggan defenders (Depths:2)
  A ghoul (Swamp:2)
  3 draconian stormcallers
  3 caustic shrike skeletons (Depths:2)
  2 war gargoyles
  2 formless jellyfish
  2 ironbound thunderhulks
  A vampire knight (Depths:1)
  2 stone giants
  A green draconian (Zot:4)
  4 deep elf demonologists (Elf:3)
  An eleionoma (Swamp:2)
  6 deep elf annihilators
  A yellow draconian (Zot:5)
  Azrael (Snake:2)
  3 dire elephants (Vaults:2)
  4 white draconians
  A red draconian (Zot:4)
  A minotaur (D:11)
  15 deep elf death magi
  An ettin (Vaults:5)
  2 entropy weavers
  A crystal guardian (Vaults:4)
  An entropy weaver (shapeshifter) (Elf:2)
  6 deep elf high priests
  The ghost of Anon1729 the Carver, a journeyman MiMo of Uskayaw (D:10)
  4 yaktaur captains
  2 salamander tyrants (Snake:4)
  A spriggan air mage (Swamp:2)
  An anaconda (Snake:4)
  3 ice dragons
  2 hydras (Lair:5)
  3 vault guards
  A peacekeeper (Vaults:4)
  A ghost crab (Swamp:2)
  5 ironbound frosthearts
  An ogre mage (D:10)
  A centaur warrior (D:10)
  The ghost of Koushar the Nimble, a journeyman FeTm of Gozag (Lair:3)
  2 two-headed ogres
  7 naga warriors
  8 death yaks
  A deep troll earth mage (Vaults:5)
  22 dancing weapons
  A hell knight (Depths:3)
  2 orc high priests
  3 shock serpents
  8 naga sharpshooters
  A soul eater (Vaults:2)
  18 deep elf knights
  4 skeletal warriors
  An iron troll (Depths:1)
  2 salamander mystics (Snake:4)
  12 deep trolls
  A swamp dragon (Swamp:1)
  A sea snake (Snake:4)
  A flayed ghost (Vaults:5)
  6 wizards
  3 bog bodies
  18 deep elf archers
  6 ironbound convokers
  4 lindwurms
  A spriggan druid (Swamp:2)
  A necromancer (D:10)
  28 deep elf zephyrmancers
  4 naga ritualists (Snake:4)
  7 orc knights
  A phantasmal warrior (Vaults:5)
  4 mana vipers
  2 orc sorcerers (Orc:2)
  27 deep elf pyromancers
  A shining eye (shapeshifter) (Vaults:5)
  3 will-o-the-wisps
  7 ugly things
  A shining eye (Slime:1)
  2 oklob plants
  A manticore (D:11)
  4 moths of wrath
  3 cyclopes (Volcano)
  5 salamanders
  2 molten gargoyles (Volcano)
  An elephant (Lair:4)
  An orange demon (D:8)
  9 vault sentinels
  5 guardian serpents
  13 black mambas
  A smoke demon (Lair:5)
  2 gargoyles (Volcano)
  A cane toad (Lair:2)
  9 naga magi
  An ice statue (IceCv)
  5 rime drakes
  3 freezing wraiths
  An efreet (Volcano)
  18 yaktaurs
  A komodo dragon (Lair:2)
  4 trolls
  A hellwing (Orc:2)
  3 polar bears (IceCv)
  3 hornets
  7 blink frogs
  Grinder (D:4)
  A frost giant simulacrum (Vaults:3)
  11 slime creatures
  An air elemental (Elf:1)
  A centaur simulacrum (D:10)
  2 large abominations
  A vampire (D:11)
  2 wraiths (D:10)
  A culicivora (Vaults:3)
  8 spriggans
  Sigmund (D:6)
  3 wyverns (Lair:3)
  10 basilisks
  2 water elementals
  A shadow (D:12)
  22 yaks
  A ynoxinul (Lair:5)
  3 chaos spawn (Lair:5)
  2 fire elementals (Elf:3)
  4 hogs (Lair:4)
  2 redbacks (Vaults:1)
  3 vampire mosquitoes
  2 swamp worm simulacra (Swamp:4)
  2 wargs
  A swamp worm (Swamp:2)
  15 nagas
  A water moccasin (Lair:3)
  A hydra simulacrum (Swamp:4)
  A floating eye (Depths:1)
  3 ogres
  21 orc warriors
  An ice beast (D:8)
  2 centaurs (D:9)
  6 wolves
  A lemure (D:6)
  2 bullfrogs
  5 earth elementals
  2 wights
  2 small abominations (Lair:5)
  A killer bee (D:10)
  A nameless horror (Vaults:2)
  9 orc priests (Orc:2)
  6 orc wizards
  4 hell rats
  8 gnolls
  2 white imps
  3 swamp drake simulacra (Swamp:4)
  A dart slug (D:4)
  37 orcs
  A ball python (D:1)
  7 endoplasms
  A gnoll zombie (Ossuary)
  3 goblins
  A hobgoblin (D:1)
  A quokka (D:2)
  2 hobgoblin zombies (Ossuary)
  2 kobolds
  2 kobold zombies (Ossuary)
  2 orc zombies (Ossuary)
  15 ball lightnings
  A butterfly (D:4)
755 creatures vanquished.

Vanquished Creatures (others)
  2 ancient liches (Vaults:5)
  A tentacled monstrosity (Vaults:5)
  2 liches (Vaults:5)
  2 quicksilver dragons (Vaults:5)
  A tengu reaver (Vaults:5)
  A draconian knight (Zot:3)
  A frost giant (Vaults:5)
  4 vault wardens (Vaults:5)
  A draconian scorcher (Zot:4)
  3 stone giants (Vaults:5)
  4 ironbound preservers (Vaults:5)
  A war gargoyle (Vaults:5)
  A deep elf demonologist (Vaults:5)
  2 deep elf annihilators (Vaults:5)
  A deep elf death mage (Vaults:5)
  2 ettins (Vaults:5)
  A deep elf high priest (Vaults:5)
  A hydra (Swamp:3)
  2 vault guards (Vaults:5)
  2 yaktaur captains (Vaults:5)
  An ogre mage (Vaults:5)
  An anaconda (Snake:4)
  A deep troll earth mage (Vaults:5)
  A shock serpent (Snake:4)
  A deep elf knight (Elf:3)
  A skyshark (Lair:3)
  A necromancer (Vaults:5)
  A deep elf zephyrmancer (Elf:2)
  An ironbound convoker (Vaults:5)
  A lindwurm (Swamp:2)
  An orc knight (Vaults:5)
  An ugly thing (Vaults:5)
  A cane toad (Lair:3)
  2 freezing wraiths (Vaults:5)
  A rime drake (Lair:3)
  A bloated husk (Swamp:2)
  A tyrant leech (Swamp:3)
  2 hornets
  A wyvern (D:10)
  An air elemental (Elf:3)
  A basilisk (Lair:3)
  27 dancing weapons
  An orc warrior (D:7)
  A wight (D:7)
  An orc wizard (Vaults:5)
  An orc (D:15)
  488 ball lightnings
  23 foxfires
  51 snaplasher vines
651 creatures vanquished.

Grand Total: 3045 creatures vanquished

Notes
Turn   | Place    | Note
-------+----------+-------------------------------------------
     0 | D:1      | PaperRat the Djinni Enchanter began the quest for the Orb.
     0 | D:1      | PaperRat set off with the following spells memorised:
                  | Ensorcelled Hibernation, Confusing Touch, Tukima's Dance,
                  | Dazzling Flash.
     0 | D:1      | Reached XP level 1. HP: 15/15 MP: 0/0
   130 | D:1      | Reached skill level 1 in Short Blades
   215 | D:1      | Reached skill level 1 in Fighting
   215 | D:1      | Reached XP level 2. HP: 22/22 MP: 0/0
   733 | D:1      | Reached XP level 3. HP: 27/28 MP: 0/0
   733 | D:1      | Learned a level 1 spell: Summon Small Mammal
  1272 | D:2      | Reached XP level 4. HP: 33/33 MP: 0/0
  1507 | D:2      | You are sucked into a shaft and drop 1 floor!
  1656 | D:2      | Noticed Terence
  2514 | D:2      | Killed Terence
  2515 | D:2      | Reached XP level 5. HP: 23/38 MP: 0/0
  2515 | D:2      | Learned a level 2 spell: Searing Ray
  4328 | D:4      | Noticed Grinder
  4376 | D:4      | Noticed Duvessa
  4396 | D:4      | Found a sand-covered staircase.
  4489 | Ossuary  | Entered an ossuary
  4572 | Ossuary  | Reached XP level 6. HP: 40/43 MP: 0/0
  4925 | D:4      | Noticed Dowan
  4956 | D:4      | Killed Duvessa
  4957 | D:4      | Reached XP level 7. HP: 39/50 MP: 0/0
  4957 | D:4      | Learned a level 2 spell: Lesser Beckoning
  4958 | D:4      | Killed Dowan
  5369 | D:4      | Killed Grinder
  5370 | D:4      | Reached skill level 5 in Spellcasting
  5370 | D:4      | Reached skill level 5 in Conjurations
  5370 | D:4      | Reached skill level 5 in Hexes
  5370 | D:4      | Reached skill level 5 in Summonings
  5370 | D:4      | Reached skill level 5 in Necromancy
  5370 | D:4      | Reached skill level 5 in Translocations
  5370 | D:4      | Reached skill level 5 in Transmutations
  5370 | D:4      | Reached skill level 5 in Fire Magic
  5370 | D:4      | Reached skill level 5 in Ice Magic
  5370 | D:4      | Reached skill level 5 in Air Magic
  5370 | D:4      | Reached skill level 5 in Earth Magic
  5370 | D:4      | Reached skill level 5 in Poison Magic
  5417 | D:4      | Found a runed translucent gate.
  5418 | D:4      | Found a runed translucent gate.
  5418 | D:4      | Identified the +3 plate armour of Doffughu {rCorr}
  5418 | D:4      | Noticed morax's ghost (amateur MiFi)
  5419 | D:4      | Found a runed translucent gate.
  5421 | D:4      | Identified the +1 leather armour of the Sparrow {Str+3
                  | Int+4 Dex+4}
  5497 | D:4      | Reached XP level 8. HP: 52/58 MP: 0/0
  5581 | D:4      | Found a hide-covered altar of Uskayaw.
  5588 | D:4      | Found a staircase to the Ecumenical Temple.
  5633 | Temple   | Entered the Ecumenical Temple
  5694 | Temple   | Became a worshipper of Gozag Ym Sagoz the Greedy
  5992 | D:3      | Reached skill level 5 in Fighting
  6087 | D:4      | Killed morax's ghost
  6265 | D:5      | Entered Level 5 of the Dungeon
  6478 | D:5      | Reached skill level 1 in Evocations
  6670 | D:5      | Noticed Edmund
  6701 | D:5      | Killed Edmund
  6702 | D:5      | Reached XP level 9. HP: 66/66 MP: 0/0
  6702 | D:5      | Learned a level 3 spell: Teleport Other
  7424 | D:6      | Noticed Sigmund
  7429 | D:6      | Killed Sigmund
  7698 | D:6      | Noticed Maggie
  7708 | D:6      | Killed Maggie
  7766 | D:6      | Noticed Eustachio
  7779 | D:6      | Killed Eustachio
  7854 | D:6      | Reached XP level 10. HP: 74/75 MP: 0/0
  7883 | D:6      | Reached skill level 5 in Stealth
  8268 | D:7      | Noticed Pikel
  8319 | D:6      | Killed Pikel
  8369 | D:7      | Noticed Joseph
  8386 | D:7      | Killed Joseph
  8507 | D:7      | Found a transporter.
  8590 | D:7      | Found a transporter.
  8616 | D:7      | Noticed an orange demon
  8633 | D:7      | Found a one-way gate to the infinite horrors of the Abyss.
  9072 | D:7      | Noticed Anon1729's ghost (novice MiMo)
  9268 | D:8      | Noticed Amaemon
  9281 | D:8      | Noticed an orange demon
  9288 | D:8      | Killed an orange demon
  9319 | D:8      | Killed Amaemon
  9320 | D:8      | Reached XP level 11. HP: 83/84 MP: 0/0
  9320 | D:8      | Learned a level 5 spell: Alistair's Intoxication
  9709 | D:8      | Noticed Psyche
  9801 | D:8      | Noticed Maurice
  9803 | D:8      | Maurice changed into Maurice the naga
  9803 | D:8      | Noticed Maurice
  9819 | D:8      | Killed Maurice the naga
  9857 | D:8      | Killed Psyche
  9867 | D:8      | Reached skill level 10 in Fighting
  9950 | D:8      | Found Hatim's Book Emporium.
  9977 | D:8      | Reached skill level 1 in Armour
 10265 | D:9      | Found a stormy altar of Qazlal.
 10293 | D:9      | Found an iron altar of Okawaru.
 10452 | D:9      | Noticed a two-headed ogre
 10653 | D:9      | Killed a two-headed ogre
 10654 | D:9      | Reached skill level 5 in Dodging
 10902 | D:9      | Found a staircase to the Orcish Mines.
 11178 | D:10     | Entered Level 10 of the Dungeon
 11211 | D:10     | Noticed a death yak
 11217 | D:10     | Noticed an elephant
 11323 | D:9      | Killed a death yak
 11415 | D:9      | Killed an elephant
 11467 | D:10     | Found a staircase to the Lair.
 11581 | D:9      | Found an iron altar of Okawaru.
 11840 | D:10     | Identified the amulet "Nuoseim" {Faith rF+++ MP-9 Dex+4}
 11905 | D:10     | Found a runed translucent door.
 11908 | D:10     | Noticed an ogre mage
 11908 | D:10     | Noticed a skeletal warrior
 11910 | D:10     | Noticed a deep troll earth mage
 11911 | D:10     | Found a runed translucent door.
 11911 | D:10     | Noticed a centaur warrior
 11911 | D:10     | Noticed a skeletal warrior
 11915 | D:10     | Noticed a skeletal warrior
 11916 | D:10     | Noticed a lich
 11917 | D:10     | Noticed Anon1729's ghost (journeyman MiMo)
 11918 | D:10     | Noticed a necromancer
 12011 | D:10     | Noticed a two-headed ogre
 12099 | D:10     | Killed a two-headed ogre
 12100 | D:10     | Reached skill level 5 in Evocations
 12277 | D:10     | Reached XP level 12. HP: 90/91 MP: 0/0
 13002 | D:7      | Killed Anon1729's ghost
 13139 | D:10     | Bought a potion of enlightenment for 75 gold pieces
 13139 | D:10     | Bought a potion of cancellation for 120 gold pieces
 13139 | D:10     | Bought a potion of might for 60 gold pieces
 13142 | Lair:1   | Entered Level 1 of the Lair of Beasts
 13228 | Lair:1   | Reached skill level 5 in Short Blades
 13270 | Lair:1   | Identified a scroll of acquirement
 13421 | Lair:1   | Noticed Grum
 13447 | Lair:1   | Killed Grum
 13941 | Lair:2   | Noticed a boulder beetle
 13979 | Lair:2   | Noticed Gastronok
 14000 | Lair:2   | Killed Gastronok
 14079 | Lair:2   | Noticed an eight-headed hydra
 14105 | Lair:2   | Killed an eight-headed hydra
 14106 | Lair:2   | Reached XP level 13. HP: 98/99 MP: 0/0
 14106 | Lair:2   | Learned a level 5 spell: Summon Forest
 15167 | Lair:3   | Found a staircase to the Snake Pit.
 15208 | Lair:3   | Found a staircase to the Swamp.
 15498 | Lair:3   | Noticed Koushar's ghost (journeyman FeTm)
 15517 | Lair:3   | Noticed a five-headed hydra
 15563 | Lair:3   | Killed a five-headed hydra
 15602 | Lair:3   | Found a transporter.
 15603 | Lair:3   | Found a transporter.
 16424 | Lair:4   | Found a dark tunnel.
 16432 | Volcano  | Entered a volcano
 16449 | Volcano  | Reached XP level 14. HP: 108/108 MP: 0/0
 16687 | Volcano  | Noticed an orb of fire
 16687 | Volcano  | Noticed an orb of fire
 16916 | Lair:4   | Noticed Kirke
 17865 | Lair:4   | Killed Kirke
 17866 | Lair:4   | Reached skill level 10 in Spellcasting
 17866 | Lair:4   | Reached skill level 10 in Conjurations
 17866 | Lair:4   | Reached skill level 10 in Hexes
 17866 | Lair:4   | Reached skill level 10 in Summonings
 17866 | Lair:4   | Reached skill level 10 in Necromancy
 17866 | Lair:4   | Reached skill level 10 in Translocations
 17866 | Lair:4   | Reached skill level 10 in Transmutations
 17866 | Lair:4   | Reached skill level 10 in Fire Magic
 17866 | Lair:4   | Reached skill level 10 in Ice Magic
 17866 | Lair:4   | Reached skill level 10 in Air Magic
 17866 | Lair:4   | Reached skill level 10 in Earth Magic
 17866 | Lair:4   | Reached skill level 10 in Poison Magic
 18070 | Lair:5   | Entered Level 5 of the Lair of Beasts
 18147 | Lair:5   | Found a staircase to the Slime Pits.
 18834 | Lair:4   | Reached skill level 10 in Stealth
 19157 | Lair:5   | Reached XP level 15. HP: 113/116 MP: 0/0
 19157 | Lair:5   | Learned a level 6 spell: Dispersal
 20104 | Lair:5   | Found a corrupted altar of Lugonu.
 20499 | Lair:3   | Found a staircase to the Swamp.
 20611 | Lair:3   | Killed Koushar's ghost
 20696 | D:10     | Bought a phantom mirror for 480 gold pieces
 20699 | D:10     | Bought a scroll of enchant armour for 112 gold pieces
 20699 | D:10     | Bought a scroll of poison for 60 gold pieces
 20699 | D:10     | Bought a scroll of silence for 142 gold pieces
 20699 | D:10     | Bought a scroll of poison for 60 gold pieces
 20701 | D:10     | Acquired 907 gold pieces
 20704 | D:10     | Bought a potion of invisibility for 120 gold pieces
 20704 | D:10     | Bought a potion of haste for 150 gold pieces
 20743 | Orc:1    | Entered Level 1 of the Orcish Mines
 20829 | Orc:1    | Noticed an orc warlord
 20858 | Orc:1    | Killed an orc warlord
 21144 | Orc:1    | Found a transporter.
 21144 | Orc:1    | Noticed Tenar's ghost (journeyman FeIE)
 21168 | Orc:1    | Found a transporter.
 21569 | Orc:1    | Found a transporter.
 21609 | Orc:1    | Found a transporter.
 22026 | D:9      | Killed Tenar's ghost
 22581 | D:10     | Bought a scroll of identify for 30 gold pieces
 22631 | Orc:2    | Entered Level 2 of the Orcish Mines
 23155 | Orc:2    | Found a staircase to the Elven Halls.
 23181 | Orc:2    | Found Zeaf's Distillery.
 23189 | Orc:2    | Bought a potion of resistance for 170 gold pieces
 23189 | Orc:2    | Bought a potion of heal wounds for 85 gold pieces
 23673 | Orc:2    | Found Jinkegec's Magic Scroll Emporium.
 23674 | Orc:2    | Found Suwek's Distillery.
 24118 | Orc:2    | Reached XP level 16. HP: 92/123 MP: 0/0
 24202 | Orc:2    | Found Egaolis's Antique Weapon Boutique.
 24202 | Orc:2    | Found a one-way gate leading to the halls of Pandemonium.
 24202 | Orc:2    | Found Leumawos's Book Shop.
 24390 | Orc:2    | Bought a scroll of enchant armour for 135 gold pieces
 24423 | Orc:2    | Bought a potion of resistance for 170 gold pieces
 24684 | D:10     | Found Orre Apo's General Store.
 24684 | D:10     | Found Vishuk's Jewellery Shoppe.
 24685 | D:10     | Found Ungagacu's Distillery.
 24685 | D:10     | Found Ameocku's Armour Boutique.
 24685 | D:10     | Found a staircase to the Lair.
 24686 | D:10     | Found Raanije's Magic Scroll Boutique.
 24914 | D:10     | Found a runed translucent door.
 24917 | D:10     | Found a runed translucent door.
 25770 | D:11     | Identified the +4 broad axe "Worm's Wrath" {heavy, Contam
                  | Int+5 Dex+3}
 27352 | D:12     | Reached skill level 1 in Long Blades
 27746 | D:12     | Found a runed translucent door.
 27746 | D:12     | Noticed NigelTetley's ghost (journeyman TrFi)
 27904 | D:12     | Killed NigelTetley's ghost
 27905 | D:12     | Reached skill level 10 in Dodging
 28261 | D:13     | Found a frozen archway.
 28286 | IceCv    | Entered an ice cave
 28460 | IceCv    | Reached skill level 10 in Evocations
 28727 | IceCv    | Noticed a frost giant
 28840 | IceCv    | Killed a frost giant
 29617 | D:13     | Reached skill level 15 in Fighting
 29647 | D:13     | Reached XP level 17. HP: 130/131 MP: 0/0
 29647 | D:13     | Learned a level 6 spell: Conjure Ball Lightning
 29686 | D:13     | Found a gate to the Vaults.
 29950 | D:13     | Found a gate to the Vaults.
 30427 | D:10     | Bought the +1 robe "Waggus" {Drain rElec rF++ Will+} for
                  | 446 gold pieces
 30500 | D:14     | Noticed Rupert
 30609 | D:14     | Killed Rupert
 30624 | D:14     | Reached skill level 5 in Long Blades
 31446 | D:14     | Bought a brightly glowing robe for 171 gold pieces
 31446 | D:14     | Identified the +3 robe of Midnight {rF+} (You bought it in
                  | a shop on level 14 of the Dungeon)
 31446 | D:14     | Bought a pair of runed gloves for 225 gold pieces
 31459 | D:14     | Bought a dyed leather armour for 150 gold pieces
 31460 | D:14     | Bought a runed leather armour for 150 gold pieces
 31463 | D:15     | Entered Level 15 of the Dungeon
 31470 | D:15     | Found an iron altar of Okawaru.
 31609 | D:15     | Noticed Josephine
 31613 | D:15     | Killed Josephine
 32668 | D:15     | Found a staircase to the Depths.
 33264 | Swamp:1  | Entered Level 1 of the Swamp
 33984 | Swamp:1  | Reached XP level 18. HP: 105/139 MP: 0/0
 34127 | Swamp:2  | Reached skill level 1 in Shields
 34215 | Swamp:2  | Reached skill level 2 in Shields
 34564 | Swamp:2  | Reached skill level 3 in Shields
 34708 | Swamp:2  | Identified the +11 halberd of Wrongful Imprisonment {spect,
                  | rF+ Int+3}
 35110 | Swamp:2  | Reached skill level 4 in Shields
 35130 | Swamp:2  | Found a runed translucent door.
 35131 | Swamp:2  | Noticed Matygoc's ghost (adept HaSk)
 35147 | Swamp:2  | Reached skill level 15 in Conjurations
 35484 | Swamp:2  | Killed Matygoc's ghost
 35819 | D:10     | Bought a scroll of enchant weapon for 90 gold pieces
 35819 | D:10     | Bought a scroll of enchant weapon for 90 gold pieces
 35910 | Orc:2    | Bought a scroll of enchant weapon for 135 gold pieces
 36287 | Swamp:3  | Reached skill level 5 in Shields
 37049 | Swamp:4  | Entered Level 4 of the Swamp
 37143 | Swamp:4  | Noticed a tentacled monstrosity
 37168 | Swamp:4  | Killed a tentacled monstrosity
 37779 | Swamp:4  | Found a runed translucent door.
 37779 | Swamp:4  | Noticed Anon1729's ghost (adept MiMo)
 38067 | Swamp:4  | Killed Anon1729's ghost
 38175 | Swamp:4  | Reached XP level 19. HP: 131/147 MP: 0/0
 38175 | Swamp:4  | Learned a level 7 spell: Haunt
 38341 | Swamp:4  | Got a decaying rune of Zot
 38920 | D:10     | Killed a lich
 38963 | D:10     | Killed Anon1729's ghost
 39028 | D:10     | Identified the ring "Okheas" {Str+5 Int+3 Dex+6}
 39150 | Snake:1  | Entered Level 1 of the Snake Pit
 39160 | Snake:1  | Noticed Mlioglotl
 39167 | Snake:1  | Killed Mlioglotl
 39189 | Snake:1  | Noticed Donald
 39201 | Snake:1  | Killed Donald
 39217 | Snake:1  | Found Lucub's Jewellery Emporium.
 39236 | Snake:1  | Noticed Aizul
 39244 | Snake:1  | Killed Aizul
 39305 | Snake:1  | You are sucked into a shaft and drop 1 floor!
 39755 | Snake:1  | Found a runed translucent door.
 39756 | Snake:1  | Noticed initializr's ghost (journeyman MeFi)
 39788 | Snake:1  | Killed initializr's ghost
 39972 | Snake:1  | Found Anuet's Specific Store.
 39973 | Snake:1  | Found Juss's General Store.
 39983 | Snake:1  | Bought 2 potions of heal wounds for 120 gold pieces
 39983 | Snake:1  | Bought a phial of floods for 480 gold pieces
 39983 | Snake:1  | Bought a wand of acid (5) for 252 gold pieces
 40262 | Snake:1  | Bought a scroll of immolation for 84 gold pieces
 40262 | Snake:1  | Bought a scroll of enchant weapon for 157 gold pieces
 40592 | Snake:2  | Found Ysas's General Store.
 40603 | Snake:2  | Bought a wand of charming (6) for 216 gold pieces
 40716 | Snake:2  | Noticed Azrael
 40725 | Snake:2  | Killed Azrael
 41145 | Snake:3  | Found Koco's Weapon Shoppe.
 41237 | Snake:3  | Identified the +8 plate armour "Hoariokk" {rPois}
 41344 | Snake:3  | Noticed Cuwuxaq's ghost (adept MiFi)
 41545 | Snake:3  | Noticed Roxanne
 41559 | Snake:3  | Killed Roxanne
 41658 | Snake:3  | Identified the +2 ring mail of Okawaru's Condemnation
                  | {Rampage rF+ Int-5}
 42050 | Snake:3  | Found a runed translucent gate.
 42051 | Snake:3  | Found a runed translucent gate.
 42052 | Snake:3  | Found a runed translucent gate.
 42200 | Snake:3  | Killed Cuwuxaq's ghost
 42201 | Snake:3  | Reached skill level 15 in Spellcasting
 42201 | Snake:3  | Reached skill level 15 in Hexes
 42201 | Snake:3  | Reached skill level 15 in Summonings
 42201 | Snake:3  | Reached skill level 15 in Necromancy
 42201 | Snake:3  | Reached skill level 15 in Translocations
 42201 | Snake:3  | Reached skill level 15 in Transmutations
 42201 | Snake:3  | Reached skill level 15 in Fire Magic
 42201 | Snake:3  | Reached skill level 15 in Ice Magic
 42201 | Snake:3  | Reached skill level 15 in Air Magic
 42201 | Snake:3  | Reached skill level 15 in Earth Magic
 42201 | Snake:3  | Reached skill level 15 in Poison Magic
 42309 | Snake:4  | Entered Level 4 of the Snake Pit
 42633 | Snake:4  | Reached XP level 20. HP: 139/155 MP: 0/0
 43186 | Snake:4  | Reached skill level 10 in Long Blades
 43352 | Snake:4  | Got a serpentine rune of Zot
 44101 | Snake:4  | Identified the +12 longbow "Xityxkeq" {antimagic, rF+
                  | Str+3}
 44213 | Snake:1  | Bought the ring "Vonuc" {*Slow rElec rPois rF+ rC++} for
                  | 899 gold pieces
 44749 | Elf:1    | Entered Level 1 of the Elven Halls
 45641 | Elf:1    | Reached skill level 6 in Shields
 45796 | Elf:1    | Reached XP level 21. HP: 157/158 MP: 0/0
 45796 | Elf:1    | Learned a level 8 spell: Lehudib's Crystal Spear
 46370 | Elf:1    | Paralysed by an air elemental for 1 turns
 47804 | Elf:2    | Found a runed translucent door.
 47997 | Elf:2    | Found a huge runed translucent gate.
 47997 | Elf:2    | Found a huge runed translucent gate.
 47997 | Elf:2    | Found a huge runed translucent gate.
 47997 | Elf:2    | Found a huge runed translucent gate.
 47999 | Elf:2    | Found a huge runed translucent gate.
 48003 | Elf:2    | Noticed Agnes
 48066 | Elf:2    | Reached skill level 7 in Shields
 48217 | Elf:2    | Killed Agnes
 48788 | Elf:3    | Entered Level 3 of the Elven Halls
 48791 | Elf:3    | Identified the +10 sling "Koteal" {speed, *Corrode rElec
                  | rN++ Int+2}
 49200 | Elf:3    | Reached skill level 8 in Shields
 49335 | Elf:3    | Found a runed translucent gate.
 49336 | Elf:3    | Found a runed translucent gate.
 49343 | Elf:3    | Found a runed translucent gate.
 49343 | Elf:3    | Noticed Yfesuf's ghost (adept CeHu)
 49446 | Elf:3    | Identified the +4 ring mail "Rosh" {-Cast rF+++ rCorr
                  | Str+4}
 49462 | Elf:3    | Noticed a Brimstone Fiend
 49506 | Elf:3    | Reached XP level 22. HP: 160/169 MP: 0/0
 49758 | Elf:3    | Identified the +1 robe of the Dice {rF+ Str+2}
 49850 | Elf:3    | Reached skill level 9 in Shields
 49882 | Elf:3    | Killed Yfesuf's ghost
 49907 | Elf:3    | Identified the staff of Lugonu's Favour {rF+ rN+ Will- MP+9
                  | Necro}
 49943 | Elf:3    | Identified the ring "Niocsoih" {Contam rF+ EV+5 Str+3}
 50338 | Elf:3    | Identified the +8 longbow of Watchfulness {elec, Fragile
                  | rElec Str+7 Dex+3}
 50378 | Elf:3    | Identified the staff of Debt {rPois rC+++ MP-9 Dex-2 SInv
                  | Poison}
 50798 | Elf:3    | Identified the amulet "Ohyfax" {Spirit rElec}
 51891 | D:10     | Bought a distressingly furry ring mail for 369 gold pieces
 51891 | D:10     | Identified the +0 ring mail of the Untouchables {+Blink Fly
                  | Dex-4} (You bought it in a shop on level 10 of the Dungeon)
 51891 | D:10     | Bought a heavily runed ring mail for 369 gold pieces
 51891 | D:10     | Identified the +0 ring mail of the Prince of Darkness
                  | {rElec Str+3 SInv} (You bought it in a shop on level 10 of
                  | the Dungeon)
 51991 | Vaults:1 | Entered Level 1 of the Vaults
 52139 | Vaults:1 | Reached skill level 10 in Shields
 53188 | Vaults:1 | Reached skill level 11 in Shields
 53668 | Vaults:2 | Acquired the +3 Elemental Staff {rElec rF+ rC+ AC+3}
 53668 | Vaults:2 | Found the +3 Elemental Staff {rElec rF+ rC+ AC+3}
 53768 | Vaults:2 | Reached XP level 23. HP: 175/175 MP: 0/0
 53768 | Vaults:2 | Learned a level 8 spell: Ignition
 53857 | Vaults:2 | Reached skill level 1 in Staves
 53871 | Vaults:2 | Found a staircase to the Crypt.
 54757 | Vaults:3 | Noticed Sojobo
 54767 | Vaults:3 | Killed Sojobo
 55156 | Vaults:3 | Reached skill level 12 in Shields
 56603 | Vaults:4 | Identified the ring of Ihycleor {rF+ AC+4}
 56634 | Vaults:4 | Reached skill level 15 in Dodging
 56646 | Vaults:4 | Reached XP level 24. HP: 173/183 MP: 0/0
 57846 | Vaults:5 | Entered Level 5 of the Vaults
 57882 | Vaults:5 | Noticed an ancient lich
 57886 | Vaults:5 | Identified the +8 spear of Doom {protect, rF+}
 57895 | Vaults:5 | Killed an ancient lich
 57909 | Vaults:5 | Noticed an ancient lich
 57916 | Vaults:5 | Noticed an ancient lich
 58207 | Vaults:5 | Killed an ancient lich
 58335 | Vaults:5 | Identified the ring of Reneplin {AC+4 Str+4 Stlth+}
 58353 | Vaults:5 | Got a silver rune of Zot
 58419 | Vaults:5 | Killed an ancient lich
 58649 | Vaults:5 | Noticed a golden dragon
 58655 | Vaults:5 | Killed a golden dragon
 59727 | Orc:2    | Bought a potion of cancellation for 144 gold pieces
 59727 | Orc:2    | Bought a potion of haste for 180 gold pieces
 59727 | Orc:2    | Bought a potion of mutation for 144 gold pieces
 59727 | Orc:2    | Bought a potion of mutation for 144 gold pieces
 59898 | Depths:1 | Entered Level 1 of the Depths
 59980 | Depths:1 | Noticed a caustic shrike
 59986 | Depths:1 | Killed a caustic shrike
 60018 | Depths:1 | Reached XP level 25. HP: 169/193 MP: 0/0
 60018 | Depths:1 | Learned a level 8 spell: Borgnjor's Revivification
 60298 | Depths:1 | Found a gateway to Hell.
 60764 | Depths:1 | Identified the +4 scimitar "Lifebane" {speed, rPois Will+
                  | Str-2}
 60840 | Depths:1 | Reached skill level 13 in Shields
 61050 | Depths:1 | Found a one-way gateway to a ziggurat.
 61790 | Depths:2 | Reached skill level 14 in Shields
 61840 | Depths:2 | Noticed the Enchantress
 61847 | Depths:2 | Killed the Enchantress
 62070 | Depths:2 | Identified the ring of Dawn {Drain rPois rN+ Dex+5}
 62376 | Depths:2 | Reached skill level 5 in Armour
 62590 | Depths:2 | Found a bloodstained altar of Trog.
 62989 | Depths:2 | Reached skill level 15 in Shields
 63626 | Depths:3 | Reached XP level 26. HP: 140/200 MP: 0/0
 63823 | Depths:3 | Found a runed translucent door.
 63826 | Depths:3 | Found a runed translucent door.
 63826 | Depths:3 | Found a runed translucent door.
 64658 | Depths:3 | Reached skill level 16 in Shields
 64757 | Depths:4 | Entered Level 4 of the Depths
 64907 | Depths:4 | Reached skill level 17 in Shields
 65304 | Depths:4 | Found a gate to the Realm of Zot.
 65378 | Depths:4 | Reached skill level 18 in Shields
 65614 | Depths:4 | Found a hide-covered altar of Uskayaw.
 66313 | Zot:1    | Entered Level 1 of the Realm of Zot
 66332 | Zot:1    | Reached skill level 19 in Shields
 66420 | Zot:1    | Noticed an orb of fire
 66427 | Zot:1    | Killed an orb of fire
 66428 | Zot:1    | Reached XP level 27. HP: 109/205 MP: 0/0
 66428 | Zot:1    | Learned a level 9 spell: Fire Storm
 67273 | Zot:1    | Reached skill level 20 in Shields
 67635 | Zot:1    | Noticed a dread lich
 67641 | Zot:1    | Killed a dread lich
 67692 | Zot:1    | Noticed a dread lich
 67703 | Zot:1    | Killed a dread lich
 67710 | Zot:1    | Noticed a dread lich
 67713 | Zot:1    | Killed a dread lich
 67945 | Zot:2    | Reached skill level 21 in Shields
 68147 | Zot:2    | You are sucked into a shaft and drop 2 floors!
 68588 | Zot:2    | Noticed an orb of fire
 68600 | Zot:2    | Gained mutation: You are frail. (-10% HP) [an orb of fire]
 68602 | Zot:2    | Killed an orb of fire
 68603 | Zot:2    | Lost mutation: You are frail. (-10% HP) [potion of
                  | mutation]
 68603 | Zot:2    | Gained mutation: You are partially covered in iridescent
                  | scales. (AC +2) [potion of mutation]
 68603 | Zot:2    | Gained mutation: You are mostly covered in iridescent
                  | scales. (AC +4) [potion of mutation]
 68766 | Zot:2    | Reached skill level 22 in Shields
 70178 | Zot:3    | Found a runed translucent gate.
 70179 | Zot:3    | Found a runed translucent gate.
 70179 | Zot:3    | Noticed Ahiuf's ghost (veteran MiFi)
 70180 | Zot:3    | Found a runed translucent gate.
 70183 | Zot:3    | Found a viscous altar of Jiyva.
 70189 | Zot:3    | Reached skill level 23 in Shields
 70222 | Zot:3    | Killed Ahiuf's ghost
 70343 | Zot:3    | Identified the +4 broad axe of Skirmishing {vamp, Drain Fly
                  | MP+9 Int+8}
 70988 | Zot:4    | Found a shimmering altar of Xom.
 71454 | Zot:4    | Reached skill level 24 in Shields
 71780 | Zot:5    | Entered Level 5 of the Realm of Zot
 72031 | Zot:5    | Noticed an orb of fire
 72075 | Zot:5    | Killed an orb of fire
 72098 | Zot:5    | Noticed a dread lich
 72100 | Zot:5    | Killed a dread lich
 72101 | Zot:5    | Reached skill level 25 in Shields
 72111 | Zot:5    | Noticed an orb of fire
 72119 | Zot:5    | Killed an orb of fire
 72124 | Zot:5    | Noticed a Killer Klown
 72128 | Zot:5    | Killed a Killer Klown
 72183 | Zot:5    | Noticed an ancient lich
 72192 | Zot:5    | Killed an ancient lich
 72234 | Zot:5    | Noticed a Killer Klown
 72242 | Zot:5    | Killed a Killer Klown
 72652 | Zot:5    | Noticed a Killer Klown
 72660 | Zot:5    | Killed a Killer Klown
 72745 | Zot:5    | Noticed an orb of fire
 72752 | Zot:5    | Killed an orb of fire
 73059 | Zot:5    | Noticed an ancient lich
 73064 | Zot:5    | Killed an ancient lich
 73621 | Zot:5    | Noticed a Killer Klown
 73624 | Zot:5    | Reached skill level 26 in Shields
 73624 | Zot:5    | Killed a Killer Klown
 74612 | Slime:1  | Entered Level 1 of the Pits of Slime
 74681 | Slime:1  | Gained mutation: You expend health (3 HP) to strengthen
                  | your wands. [a shining eye]
 74738 | Slime:1  | Gained mutation: Potions are less effective at restoring
                  | your health. [a shining eye]
 75091 | Slime:2  | Reached skill level 27 in Shields
 75529 | Zot:5    | Got the Orb of Zot
 75874 | D:9      | Noticed Emoun the pandemonium lord
 76042 | D:$      | Escaped with the Orb!

Illustrated notes

Levels and vault maps discovered:
D:1:      dpeg_arrival_rooms_a, layout_rooms, serial_curves, eino_curves_01,
          eino_curves_01, eino_curves_04, eino_curves_02, minmay_tromino_v4_c
D:2:      layout_basic, serial_forest, infiniplex_forest_clump_double,
          infiniplex_forest_clump_double, infiniplex_forest_end_2,
          infiniplex_forest_clump_double, infiniplex_forest_lined_2,
          infiniplex_forest_end_2, infiniplex_forest_clump_small, uniq_terence
D:3:      layout_loops_corners, serial_glass, glass_columns_a, glass_columns_b,
          glass_columns_a, glass_columns_a, glass_columns_a, glass_columns_c,
          minmay_misc_feat_nine_boxes, hex_tiny
D:4:      layout_cave_pools, mainiacjoe_overflow_small_starburst,
          minmay_temple_entry_butterflies, gup_ossuary_entry_pyramid,
          biasface_ghost_orc_armoury, uniq_duvessa, uniq_grinder
D:5:      layout_loops_corners, hangedman_decor_growths, uniq_edmund
D:6:      layout_gridville, nrook_campfire, minmay_misc_feat_columns,
          uniq_sigmund, uniq_maggie, uniq_eustachio
D:7:      layout_loops_ring, gammafunk_ghost_abyssal_escape, uniq_pikel,
          uniq_joseph
D:8:      wad_pebble_path, layout_basic, serial_shops,
          nicolae_shop_getting_attention, feat_on_display, uniq_amaemon,
          uniq_maurice, uniq_psyche
D:9:      layout_loops_ring, grunt_qazlal_sundering,
          kennysheep_okawaru_gauntlet, minmay_quadrilaterals
D:10:     minmay_razor_zed, layout_rooms, david_lair_generic,
          muffindrake_ghost_dual_entry
D:11:     fort_yaktaur, layout_loops_ring, nzn_life_drinkers
D:12:     layout_roguey, gammafunk_ghost_grave
D:13:     layout_cave_pools, grunt_vaults_entry_tiered, portal_ice_cave_rime
D:14:     layout_cave_pools, minmay_staircase_windowed_large, uniq_rupert
D:15:     gammafunk_depths_entry_grave, layout_basic, lemuel_crystal_altar,
          uniq_josephine
Temple:   hellmonk_temple_of_storms
Lair:1:   layout_big_grid, chequers_serial_rivers_small_b, uniq_grum
Lair:2:   layout_cave_pods, serial_forest, infiniplex_forest_corner_1,
          infiniplex_forest_clump_double, infiniplex_forest_clump_large,
          infiniplex_forest_clump_cross, infiniplex_forest_corner_1,
          infiniplex_forest_clump_double, infiniplex_forest_clump_cross,
          infiniplex_forest_pool, uniq_gastronok
Lair:3:   layout_long_grid, swamp_mist_pool, guppyfry_snake_entry_island,
          special_room [special_room_mythical_zoo], nzn_ghost_randoct
Lair:4:   layout_small_grid, lightli_volcano_entry_magma_tube,
          cheibrodos_lair_lostbears, lemuel_fruit_fields, uniq_kirke
Lair:5:   hellmonk_lair_end_abyssal_woods, layout_regular_city,
          dpeg_slime_entry_corner, kennysheep_abandoned_house,
          serial_bayou_shore_b, lemuel_fruit_tree
Swamp:1:  layout_falls_marsh, hangedman_swamp_ruin_wall, nicolae_swamp_bean_lake
Swamp:2:  nzn_winding_woodlands_three_and_one [nzn_winding_woodlands_5x15_pool,
          nzn_winding_woodlands_5x15_crooked,
          nzn_winding_woodlands_5x15_default,
          nzn_winding_woodlands_center_diamonds], layout_falls_marsh,
          ebering_ghost_inner_flame, serial_swamp_ruin,
          evilmike_swamp_ruin_house_1, evilmike_swamp_ruin_rubble_1,
          evilmike_swamp_ruin_rubble_2, hangedman_swamp_double_dragon
Swamp:3:  layout_basic_swamp, nicolae_swamp_ascending_descending_big,
          swamp_pool2
Swamp:4:  swamp_icy, layout_basic_swamp, hellmonk_ghost_happy_afterlife
Snake:1:  layout_basic, serial_shops, shop, gammafunk_ghost_grave, drop_trap,
          serial_bayou_pond_e, nicolae_specific_store, grunt_megastairs_3,
          uniq_mlioglotl, uniq_donald, uniq_aizul
Snake:2:  layout_rooms, nicolae_snake_gridmaze_squiggle,
          minmay_shop_grid_forest, grunt_megastairs_2, uniq_azrael
Snake:3:  layout_concentric_octagons, gammafunk_ghost_split, serial_shops,
          nicolae_shop_hallway_plus, uniq_roxanne
Snake:4:  snake_pit, layout_onion_interference, minmay_snake_pond,
          serial_bayou_shore_b
Slime:1:  layout_caves
Slime:2:  layout_caves, nicolae_slime_getting_an_eyeful
Orc:1:    layout_caves, gammafunk_ghost_berserking_beasts
Orc:2:    pf_orc_diabolical, layout_diamond_mine, serial_shops,
          nicolae_shop_trees, basic_altar
Elf:1:    eino_elf_arrival_the_gate, layout_onion_city, minmay_elf_necromancy,
          palyth_stone_intersect, evilmike_minifort
Elf:2:    elven_hall_of_blades_hangedman_alternative
          [nooodl_blade_entry_preview], layout_rooms, dreamdust_princess_bridge,
          minivault_13, uniq_agnes
Elf:3:    grunt_elf_hall_branching, layout_loops_corners, gammafunk_ghost_split,
          grunt_megastairs_5
Vaults:1: v_misc_17, nicolae_vaults_mini_display_case, v_alt_pattern_4,
          vaults_mumra_chevron_long, v_rooms_5,
          nicolae_vaults_trapezoid_lopsided_1,
          nicolae_vaults_windows_and_doors_thing,
          nicolae_vaults_trapezoid_lopsided_4, nicolae_vaults_stepped_doors,
          vaults_dpeg_emergency_exit, v_misc_29, layout_vaults_omnicross
Vaults:2: minmay_crypt_entry_simple_corners, hangedman_vaults_pinch,
          nicolae_vaults_doubleplus_tesselated, v_rooms_6,
          nicolae_vaults_octothorpe, nicolae_vaults_tetromino_T_2, v_pattern_5,
          nicolae_vaults_offset_grid_hallway_4, vaults_dpeg_diagonal,
          nicolae_vaults_double_plus_1, nicolae_vaults_little_squares_5,
          nicolae_vaults_trapezoid_layered, nicolae_vaults_hexular_roomagon,
          nicolae_vaults_layer_cake_slice, nicolae_vaults_ring_of_whatevers,
          layout_vaults_omnibox
Vaults:3: v_pattern_2, vaults_mumra_minichess_inversion, v_misc_2,
          nicolae_vaults_closet_pinwheel_1, v_alt_pattern_6,
          nicolae_vaults_little_squares_1, v_rooms_6, serial_ice_g,
          vaults_room_pools, nicolae_vaults_trapezoid_lopsided_3,
          ontoclasm_vaults_pinch, layout_vaults_ring, uniq_sojobo
Vaults:4: grunt_vaults_funnel, v_alt_pattern_2, nicolae_vaults_murder_corner,
          hangedman_vaults_snaps, ontoclasm_vaults_idyll,
          nicolae_vaults_little_squares_4, nicolae_vaults_storage_closets_2,
          vaults_dpeg_ring, ontoclasm_vaults_eye, layout_vaults_omnigrid
Vaults:5: serial_shops
Depths:1: minmay_four_inscribed_fans, layout_cave_shapes, ziggurat_fallback,
          pf_hell_entry_great_geh, kennysheep_opposing_triangles
Depths:2: spriggan_forest, pan_entry, abyss_entry, hell_entry
Depths:3: minmay_the_grid_four_pointed_star [minmay_the_grid_triangle_9x9_alien,
          minmay_the_grid_triangle_9x9_fully_insulated_deathbox,
          minmay_the_grid_triangle_9x9_skeleton,
          minmay_the_grid_triangle_9x9_zippers_horizontal,
          minmay_the_grid_prize_four_corners], layout_small_grid, hell_entry,
          abyss_entry, grunt_pan_entry_in_and_out, minmay_hedge_maze,
          kennysheep_nub, chequers_decorated_corner
Depths:4: evilmike_zot_entry_diamond, layout_gridlike, hell_entry,
          hangedman_abyss_or_decor_passed, minmay_room_of_horrors,
          roderic_roman_lattice, nicolae_uskayaw_murder_on_the_dancefloor
Zot:1:    hellmonk_paralyzer, layout_twisted_circle, lemuel_golem_globe
Zot:2:    layout_basic, grunt_megastairs_1
Zot:3:    layout_gridlike, gammafunk_ghost_ooze
Zot:4:    nicolae_zot_draconian_monastery, layout_onion_interference
Zot:5:    layout_basic

Skill      XL: |  1  2  3  4  5  6  7  8  9 10 11 12 13 14 15 16 17 18 19 20 21 22 23 24 25 26 27 |
---------------+----------------------------------------------------------------------------------+-----
Short Blades   | 1 2 4 6 7 |  7.6
Fighting       | 1 2 3 4 6 7 9 10 11 12 13 14 15 16 18 19 20 | 20.0
Spellcasting   | 3 4 5 6 7 8 9 10 12 13 14 15 16 17 18 19 | 19.2
Conjurations   | 3 4 5 6 7 8 9 10 12 14 15 17 19 20 21 22 23 24 | 24.0
Hexes          | 3 4 5 6 7 8 9 10 12 13 14 15 16 17 18 19 | 19.2
Summonings     | 3 4 5 6 7 8 9 10 12 13 14 15 16 17 18 19 | 19.2
Necromancy     | 3 4 5 6 7 8 9 10 12 13 14 15 17 18 19 20 21 22 | 22.5
Translocations | 3 4 5 6 7 8 9 10 12 13 14 15 16 17 18 19 | 19.2
Transmutations | 3 4 5 6 7 8 9 10 12 13 14 15 16 17 18 19 | 19.2
Fire Magic     | 3 4 5 6 7 8 9 10 12 13 14 15 16 17 18 19 | 19.2
Ice Magic      | 3 4 5 6 7 8 9 10 12 13 14 15 16 17 18 19 | 19.2
Air Magic      | 3 4 5 6 7 8 9 10 12 13 14 15 16 17 18 19 | 19.2
Earth Magic    | 3 4 5 6 7 8 9 10 12 13 14 15 16 17 18 19 | 19.2
Poison Magic   | 3 4 5 6 7 8 9 10 12 13 14 15 16 17 18 19 | 19.2
Stealth        | 3 4 6 7 8 10 | 10.0
Evocations     | 2 5 6 7 8 10 11 12 13 | 13.1
Dodging        | 4 6 7 8 9 10 11 12 14 15 16 | 16.0
Armour         | 4 6 8 |  8.5
Long Blades    | 3 7 9 10 11 | 11.0
Shields        | 5 6 8 11 12 15 19 27 | 27.0
Staves         | 4 |  4.0

Action                     |  1- 3 |  4- 6 |  7- 9 | 10-12 | 13-15 | 16-18 | 19-21 | 22-24 | 25-27 || total
---------------------------+-------+-------+-------+-------+-------+-------+-------+-------+-------++-------
  Melee: Dagger            |    47 |    59 |    35 |   194 |   481 |   489 |     9 |       |       ||  1314
         Punch             |       |     1 |       |     4 |     4 |     3 |       |       |       ||    12
         Unarmed           |       |       |     7 |       |       |       |       |       |       ||     7
         Double sword      |       |       |       |       |       |    28 |   430 |   352 |       ||   810
         Staff             |       |       |       |       |       |       |       |    14 |    35 ||    49
  Throw: Stone             |     9 |     3 |       |       |       |       |       |       |       ||    12
         Dart              |    11 |    17 |    57 |    55 |   104 |    41 |       |       |       ||   285
         Javelin           |       |     2 |       |       |       |       |       |       |       ||     2
   Cast: Ensorcelled Hiber |    10 |    10 |    12 |    50 |    90 |    42 |     1 |       |       ||   215
         Summon Small Mamm |    21 |    69 |    25 |    47 |    47 |    16 |       |       |       ||   225
         Tukima's Dance    |       |     5 |    22 |    58 |    46 |    39 |     2 |    15 |       ||   187
         Confusing Touch   |       |     2 |     3 |    17 |    38 |    24 |     3 |     1 |       ||    88
         Searing Ray       |       |    17 |    61 |    92 |    65 |    69 |     4 |       |       ||   308
         Dazzling Flash    |       |       |       |     8 |    11 |       |       |       |       ||    19
         Teleport Other    |       |       |       |     1 |       |       |       |       |       ||     1
         Summon Forest     |       |       |       |       |    57 |    49 |    37 |    30 |     1 ||   174
         Dispersal         |       |       |       |       |    13 |     6 |     4 |       |       ||    23
         Conjure Ball Ligh |       |       |       |       |       |   136 |    68 |     6 |     2 ||   212
         Haunt             |       |       |       |       |       |       |   211 |   171 |   126 ||   508
         Ignition          |       |       |       |       |       |       |       |    52 |   197 ||   249
         Lehudib's Crystal |       |       |       |       |       |       |       |    17 |   446 ||   463
 Invoke: Call Merchant     |       |       |       |     1 |     3 |     2 |     1 |     1 |       ||     8
         Bribe Branch      |       |       |       |       |       |       |       |     1 |     3 ||     4
  Evoke: Wand              |       |       |     1 |    29 |    20 |    37 |    25 |    13 |    32 ||   157
         Lightning rod     |       |       |       |       |       |     9 |       |     5 |       ||    14
         Phantom mirror    |       |       |       |       |       |     1 |       |     1 |       ||     2
         Phial of floods   |       |       |       |       |       |       |       |     2 |     1 ||     3
    Use: Scroll            |     2 |     2 |       |    15 |    15 |    11 |     3 |    10 |    10 ||    68
         Potion            |       |     2 |     2 |     1 |     4 |     5 |     3 |     7 |    14 ||    38
   Stab: Sleeping          |     9 |    13 |    11 |    35 |    68 |    65 |     9 |    10 |       ||   220
         Distracted        |     1 |       |       |     1 |     3 |    19 |    13 |    14 |     2 ||    53
         Confused          |       |     1 |     3 |    22 |    35 |    36 |     4 |     1 |       ||   102
         Invisible         |       |       |       |     6 |    18 |     8 |       |       |       ||    32
 Armour: Robe              |     6 |     9 |     7 |       |       |    81 |    95 |    66 |       ||   264
         Skin              |       |       |     4 |       |       |       |       |       |       ||     4
         Leather armour    |       |       |     7 |   100 |   171 |    64 |       |       |       ||   342
         Acid dragon scale |       |       |       |       |       |       |       |       |    30 ||    30
  Dodge: Dodged            |    30 |    28 |    42 |   212 |   367 |   308 |   331 |   239 |   173 ||  1730
         Repelled          |       |       |       |       |       |       |    15 |     5 |     9 ||    29
  Block: Buckler           |       |       |       |       |       |    30 |    88 |     5 |    35 ||   158
         Kite shield       |       |       |       |       |       |       |   101 |   189 |    64 ||   354
         Reflection        |       |       |       |       |       |       |       |     1 |       ||     1

Table legend: (Time is in decaauts)
 A = Elapsed time spent in this place.
 B = Non-inter-level travel time spent in this place.
 C = Inter-level travel time spent in this place.
 D = Time resting spent in this place.
 E = Time spent auto-exploring this place.
 F = Levels seen in this place.
 G = Mean time per level.
                   A        B        C        D        E       F      G
               +--------+--------+--------+--------+--------+-----+--------+
         Total |  75692 |  66339 |   9353 |   6718 |  32879 |  53 | 1428.2 |
       Dungeon |  22473 |  18230 |   4243 |   1661 |   7160 |  15 | 1498.2 |
        Temple |     70 |     62 |      8 |      0 |      0 |   1 |   70.0 |
          Lair |   7666 |   6548 |   1118 |    291 |   3021 |   5 | 1533.2 |
         Swamp |   5194 |   4856 |    338 |    950 |   2212 |   4 | 1298.5 |
     Snake Pit |   5125 |   4883 |    242 |    702 |   2500 |   4 | 1281.2 |
    Slime Pits |    455 |    437 |     18 |      6 |    349 |   2 |  227.5 |
  Orcish Mines |   3688 |   2821 |    867 |    106 |   1260 |   2 | 1844.0 |
   Elven Halls |   7026 |   6699 |    327 |    603 |   3724 |   3 | 2342.0 |
        Vaults |   7585 |   6835 |    750 |    186 |   4669 |   5 | 1517.0 |
        Depths |   6725 |   6084 |    641 |    663 |   4025 |   4 | 1681.2 |
           Zot |   8114 |   7316 |    798 |   1414 |   3816 |   5 | 1622.8 |
       Ossuary |    428 |    428 |      0 |    114 |     29 |   1 |  428.0 |
      Ice Cave |    719 |    719 |      0 |     21 |     78 |   1 |  719.0 |
       Volcano |    418 |    418 |      0 |      0 |     35 |   1 |  418.0 |
               +--------+--------+--------+--------+--------+-----+--------+

Top non-repeatable levels by time:
   Elf:3: 2746 daAuts
    D:10: 2541 daAuts
   Elf:1: 2535 daAuts
   Zot:5: 2440 daAuts
  Lair:5: 2201 daAuts
   Orc:2: 2194 daAuts
     D:9: 2170 daAuts
Depths:2: 2015 daAuts
    D:11: 2012 daAuts
 Swamp:2: 1964 daAuts
  Lair:3: 1803 daAuts
Depths:4: 1770 daAuts
   Zot:4: 1754 daAuts
Vaults:4: 1750 daAuts
   Elf:2: 1744 daAuts
